[Event "Titled Tuesday Blitz February 22 Early 2022"]
[White "Zlatin, Alexander"]
[Black "Cabarkapa, Novak"]
[WhiteFideId "2810549"]
[BlackFideId "943746"]
[WhiteElo "2228"]
[BlackElo "2443"]
[Result "1/2-1/2"]
[Round "03"]
[TimeControl "180+1"]
[Date "2022.02.22"]
[WhiteClock "0:00:05"]
[BlackClock "0:00:11"]

1. e4 e6 2. d4 d5 3. exd5 exd5 4. Nf3 Nc6 5. Bd3 Bd6 6. c3 Nge7 7. O-O Bg4 8. Re1 Qd7 9. b4 f6 10. h3 Bf5 11. Bxf5 Qxf5 12. Nbd2 O-O 13. Nf1 Rae8 14. Ne3 Qd7 15. Qb3 Kh8 16. a4 Nd8 17. b5 Ne6 18. c4 dxc4 19. Qxc4 Nf4 20. Ba3 Bxa3 21. Rxa3 Ned5 22. Rc1 Nb6 23. Qf1 Nbd5 24. Qc4 Nxh3+ 25. gxh3 Nf4 26. Qxc7 Ne2+ 27. Kf1 Qxh3+ 28. Kxe2 Rc8 29. Rac3 Rxc7 30. Rxc7 f5 31. Rc8 Kg8 32. Rxf8+ Kxf8 33. Rc8+ Ke7 34. Rc7+ Kd6 35. Rxb7 f4 36. Nc4+ Kd5 37. Ncd2 Qe6+ 38. Kd3 g5 39. Rc7 Qg6+ 40. Kc3 Qe8 41. Rc5+ Kd6 42. Nxg5 Qe1 43. Ne4+ Kd7 44. Rd5+ Ke6 45. Re5+ Kf7 46. Kc4 Qc1+ 47. Kd5 Kg6 48. Re6+ Kf5 49. Rf6+ Kg4 50. f3+ Kh5 51. Rxf4 Qc8 52. Rf6 Qa8+ 53. Kc4 Qg8+ 54. Kd3 Qa2 55. Rf5+ Kg6 56. Rc5 Qa3+ 57. Rc3 Qxa4 58. Rc5 Qa3+ 59. Ke2 Qa1 60. Ke3 Qg1+ 61. Kd3 Qa1 62. Kc4 Qa2+ 63. Kc3 Qa3+ 64. Kc2 Qa2+ 65. Kd3 Qa3+ 66. Ke2 Qa2 67. Rc6+ Kg7 68. Rc7+ Kg6 69. Rc3 Qa4 70. Rc5 Qxd4 71. Rg5+ Kf7 72. Rc5 Qa4 73. Rd5 Qa2 74. Rc5 Qa3 75. Kf2 Qb4 76. Kg3 h5 77. Kh4 a5 78. bxa6 Qb6 79. Kxh5 Qxa6 80. Kg4 Qe2 81. Kf4 Qh2+ 82. Ke3 Qg1+ 83. Kd3 Qa1 84. Rf5+ Kg7 85. Rc5 Qa3+ 86. Kd4 Qa7 87. Kd5 Qd7+ 88. Ke5 Qe7+ 89. Kf4 Qa7 90. Rf5 Qa1 91. Rg5+ Kh7 92. Re5 Qa8 93. Ke3 Qa7+ 94. Rc5 Qb6 95. f4 Qa7 96. Kd4 Qa1+ 97. Kd5 Qa2+ 98. Ke5 Qb2+ 99. Rc3 Qb5+ 100. Kd4 Qb4+ 101. Kd3 Qb5+ 102. Ke3 Qb6+ 103. Kf3 Qg1 104. f5 Qh1+ 105. Kf4 Qh4+ 106. Ke5 Qe7+ 107. Kd5 Qb7+ 108. Kd4 Qd7+ 109. Kc4 Qxf5 110. Kd4 Qd7+ 111. Ke3 Qh3+ 112. Kd4 Qxc3+ 113. Nxc3 1/2-1/2


[Site "https://www.chess.com"]

[Event "Titled Tuesday Blitz February 22 Early 2022"]
[White "volunteers1998"]
[Black "Gabrielian, Artur"]
[BlackFideId "4131002"]
[WhiteElo "2267"]
[BlackElo "2440"]
[Result "0-1"]
[Round "03"]
[TimeControl "180+1"]
[Date "2022.02.22"]
[WhiteClock "0:00:13"]
[BlackClock "0:00:16"]

1. e4 c5 2. Nf3 d6 3. d4 cxd4 4. Nxd4 Nf6 5. Nc3 Nc6 6. Be3 Ng4 7. Nxc6 bxc6 8. Bd2 Qb6 9. Qe2 Qxb2 10. Rb1 Qa3 11. h3 Nf6 12. Qc4 Bd7 13. Bd3 e5 14. O-O Be7 15. Rb3 Qc5 16. Qxc5 dxc5 17. Rfb1 O-O 18. Rb7 Rfd8 19. Bg5 h6 20. Bxf6 Bxf6 21. Na4 Be7 22. Rc7 Bd6 23. Rcb7 Bc8 24. R7b3 Be6 25. Rb7 c4 26. Bf1 Bf8 27. Nb2 c3 28. Nc4 Rd4 29. Nxe5 Rxe4 30. Nxc6 Bxa2 31. Ra1 Bd5 32. Rc7 Re6 33. Nd4 Re7 34. Rxc3 a5 35. Rc5 Rd7 36. Rcxa5 Rxa5 37. Rxa5 Bxg2 38. Bxg2 Rxd4 39. Bd5 g6 40. c4 Kg7 41. Ra7 Rf4 42. Kg2 Bc5 43. Ra2 h5 44. Kg3 g5 45. Rc2 f5 46. Ra2 h4+ 47. Kg2 g4 48. hxg4 fxg4 49. Ra7+ Kg6 50. Ra6+ Kg5 51. Ra2 h3+ 52. Kg3 Bd6 53. Kh2 Rxf2+ 0-1


[Site "https://www.chess.com"]

[Event "Titled Tuesday Blitz February 22 Early 2022"]
[White "Abdisalimov, Abdimalik"]
[Black "Yilmaz, Mustafa"]
[WhiteFideId "14206323"]
[BlackFideId "6302718"]
[WhiteElo "2401"]
[BlackElo "2568"]
[Result "1-0"]
[Round "04"]
[TimeControl "180+1"]
[Date "2022.02.22"]
[WhiteClock "0:00:33"]
[BlackClock "0:00:08"]

1. d4 Nf6 2. c4 g6 3. f3 Bg7 4. e4 d6 5. Nc3 O-O 6. Nge2 c5 7. d5 e6 8. Ng3 a6 9. a4 exd5 10. cxd5 Nbd7 11. Be2 h5 12. O-O Nh7 13. Be3 Ne5 14. Qd2 Rb8 15. Rab1 h4 16. Nh1 f5 17. Nf2 Qf6 18. f4 Nf7 19. exf5 gxf5 20. Nh3 Re8 21. Kh1 Bd7 22. Bh5 Qh6 23. Bf3 b5 24. axb5 axb5 25. b4 Qf6 26. Ne2 Qe7 27. Bf2 Nf6 28. bxc5 dxc5 29. Bxh4 Ne4 30. Bxe4 Qxh4 31. Bf3 Nd6 32. Ng5 Nc4 33. Qc1 Bf8 34. Ng3 Ne3 35. Nh5 Nxf1 36. Qxf1 Be7 37. g3 1-0


[Site "https://www.chess.com"]

[Event "Titled Tuesday Blitz February 22 Early 2022"]
[White "Agibileg, Uurtsaikh"]
[Black "Timofeev, Artyom"]
[WhiteFideId "4901606"]
[BlackFideId "4140419"]
[WhiteElo "2205"]
[BlackElo "2583"]
[Result "0-1"]
[Round "04"]
[TimeControl "180+1"]
[Date "2022.02.22"]
[WhiteClock "0:00:05"]
[BlackClock "0:00:49"]

1. d4 d5 2. c4 e6 3. Nc3 c6 4. Nf3 dxc4 5. e3 b5 6. a4 Bb4 7. Bd2 a5 8. axb5 Bxc3 9. Bxc3 cxb5 10. b3 Bb7 11. bxc4 b4 12. Bb2 Nf6 13. Bd3 O-O 14. O-O Nbd7 15. Nd2 Qc7 16. f3 Rfd8 17. Kh1 e5 18. Qc2 exd4 19. exd4 h6 20. Ne4 Rac8 21. Nxf6+ Nxf6 22. Qa4 Ra8 23. d5 Nd7 24. Qd1 Ba6 25. d6 Qc5 26. Be4 Bxc4 27. Rc1 Rac8 28. Bb7 Rb8 29. Ba6 Nb6 30. Bd4 Qxd6 31. Bxc4 Qxd4 32. Qb3 Nxc4 33. Rxc4 Qd3 34. Qxd3 Rxd3 35. h4 Rc3 36. Rxc3 bxc3 37. Rc1 Rb3 38. Rc2 a4 39. Kh2 a3 40. Ra2 g5 41. hxg5 hxg5 42. Kg3 f5 43. Rc2 Kf7 44. Kh3 Ke6 45. Kg3 Kd5 46. Ra2 Kc4 47. Kh3 Kb4 48. g4 fxg4+ 49. Kxg4 Rb2 50. Ra1 a2 51. Kxg5 Kb3 52. f4 Rb1 53. Rxa2 Kxa2 54. f5 c2 0-1


[Site "https://www.chess.com"]

[Event "Titled Tuesday Blitz February 22 Early 2022"]
[White "Arabidze, Meri"]
[Black "Do Nascimento,Christian Almeida"]
[WhiteFideId "13604040"]
[BlackFideId "2143801"]
[WhiteElo "2329"]
[BlackElo "2108"]
[Result "1-0"]
[Round "04"]
[TimeControl "180+1"]
[Date "2022.02.22"]
[WhiteClock "0:00:13"]
[BlackClock "0:00:08"]

1. Nf3 Nf6 2. d4 d5 3. g3 g6 4. Bg2 Bg7 5. O-O O-O 6. c4 c6 7. cxd5 cxd5 8. Ne5 Nc6 9. Nc3 Bf5 10. Bf4 Rc8 11. Rc1 Nh5 12. Nxd5 Nxf4 13. gxf4 Be6 14. Nxc6 bxc6 15. Nb4 Qd6 16. Nxc6 Bd7 17. d5 Bxb2 18. Rc2 Bf6 19. e3 Rc7 20. Qf3 e6 21. e4 exd5 22. e5 Qe6 23. Ne7+ Bxe7 24. Rxc7 Bc6 25. Bh3 f5 26. exf6 Qxf6 27. Re1 Bc5 28. Re6 Qa1+ 29. Kg2 Ba8 30. Rxc5 d4 31. Rd5 Qxa2 32. Ree5 d3 33. Be6+ Kh8 34. Qxd3 Rd8 35. Qd4 h5 36. Rxh5# 1-0


[Site "https://www.chess.com"]

[Event "Titled Tuesday Blitz February 22 Early 2022"]
[White "Aradhya, Garg"]
[Black "Guseva, Marina"]
[WhiteFideId "25006746"]
[BlackFideId "4149351"]
[WhiteElo "2169"]
[BlackElo "2232"]
[Result "1-0"]
[Round "04"]
[TimeControl "180+1"]
[Date "2022.02.22"]
[WhiteClock "0:01:05"]
[BlackClock "0:00:47"]

1. d4 d5 2. c4 c6 3. e3 Nf6 4. Nc3 a6 5. Nf3 b5 6. b3 Bg4 7. Qd2 Bxf3 8. gxf3 g6 9. Bb2 Bg7 10. Rc1 O-O 11. f4 Nbd7 12. cxd5 cxd5 13. Bg2 e6 14. O-O Ng4 15. Ne2 Qh4 16. h3 Nh6 17. Rc6 Nf6 18. Ng3 Nf5 19. Nxf5 gxf5 20. Rfc1 Kh8 21. Qe1 Ne4 22. f3 Qxe1+ 23. Rxe1 Nf6 24. Bf1 Rg8 25. Kf2 Ne8 26. Rec1 Bf6 27. Ba3 Bh4+ 28. Ke2 Nf6 29. Be7 1-0


[Site "https://www.chess.com"]

[Event "Titled Tuesday Blitz February 22 Early 2022"]
[White "Ardila, Oscar Humberto"]
[Black "Ljukin, Sergei"]
[WhiteFideId "4404742"]
[BlackFideId "14102200"]
[WhiteElo "1898"]
[BlackElo "2312"]
[Result "0-1"]
[Round "04"]
[TimeControl "180+1"]
[Date "2022.02.22"]
[WhiteClock "0:00:02"]
[BlackClock "0:00:04"]

1. d4 d5 2. c4 c6 3. cxd5 cxd5 4. Nc3 Nf6 5. Nf3 Nc6 6. Bf4 Bf5 7. e3 e6 8. Bb5 Nd7 9. O-O Be7 10. Bxc6 bxc6 11. Qa4 Qb6 12. Rac1 O-O 13. Ne2 Bd3 14. Qd1 Ba6 15. b3 c5 16. Re1 c4 17. Ng3 cxb3 18. Qxb3 Qxb3 19. axb3 Rfc8 20. Ra1 Bb5 21. Rec1 a6 22. h3 f6 23. Nf1 Bb4 24. Rxc8+ Rxc8 25. g4 g5 26. Bg3 Rc2 27. h4 h6 28. hxg5 hxg5 29. Rb1 Be2 30. Kg2 a5 31. Ng1 Bd3 32. Nh2 Rc3 33. Rb2 Ba3 34. Ra2 Rxb3 35. Nhf3 Bb4 36. Nh3 Bb1 37. Ra1 Be4 38. Bc7 f5 39. gxf5 g4 40. Ng5 gxf3+ 41. Nxf3 exf5 42. Bxa5 Bxa5 43. Rxa5 Nf6 44. Ra6 Kf7 45. Kg3 Bxf3 46. Kxf3 Kg6 47. Kf4 Rb1 48. f3 Rh1 49. Ra8 Rh7 50. Ra6 Re7 51. Rb6 Re8 52. Rd6 Rh8 53. Ra6 Rh5 54. Ke5 f4+ 55. Kxf4 Rf5+ 56. Kg3 Kg5 57. f4+ Kg6 58. Kf3 Kf7 59. Kg3 Rh5 60. Kf3 Rh8 61. Ra7+ Kg6 62. Ra6 Re8 63. Rd6 Re7 64. Rb6 Rc7 65. Ra6 Rc3 66. Rd6 Kf5 67. Ra6 Rc2 68. Ra7 Ne4 69. Rf7+ Kg6 70. Rd7 Rf2+ 71. Kg4 Re2 72. Rd6+ Nf6+ 73. Kg3 Kf5 74. Kf3 Rh2 75. Rd8 Rh3+ 76. Kf2 Ne4+ 77. Kg2 Rg3+ 78. Kh2 Rxe3 79. Rxd5+ Kxf4 80. Rd8 Rd3 81. Rf8+ Ke3 82. d5 Rxd5 83. Re8 Rg5 84. Kh3 Rf5 85. Rg8 Kf3 86. Rh8 Rf4 87. Kh2 Nf2 88. Kg1 Ng4 89. Kf1 Re4 90. Kg1 Kg3 91. Rf8 Nh2 92. Rf1 Nf3+ 93. Kh1 Rh4# 0-1


[Site "https://www.chess.com"]

[Event "Titled Tuesday Blitz February 22 Early 2022"]
[White "Assaubayeva, Bibisara"]
[Black "Sanchez Alvares, Kelvin Antonio"]
[WhiteFideId "13708694"]
[BlackFideId "3906680"]
[WhiteElo "2404"]
[BlackElo "2193"]
[Result "1-0"]
[Round "04"]
[TimeControl "180+1"]
[Date "2022.02.22"]
[WhiteClock "0:01:48"]
[BlackClock "0:01:21"]

1. d4 Nf6 2. c4 e6 3. Nf3 c5 4. d5 exd5 5. cxd5 d6 6. Nc3 g6 7. h3 a6 8. a4 Bg7 9. e4 O-O 10. Bd3 Re8 11. O-O Nh5 12. Re1 Nd7 13. Bg5 Bf6 14. Bh6 Bg7 15. Bg5 Bf6 16. Be3 Ne5 17. Be2 Nxf3+ 18. Bxf3 Ng7 19. Qd2 Bd7 20. a5 Rc8 21. Na4 Bxa4 22. Rxa4 Qd7 23. Qc2 Qb5 24. Be2 Qxb2 25. Qxb2 Bxb2 26. Rb1 Bd4 27. Rxb7 Bxe3 28. fxe3 c4 29. Rxc4 Rxc4 30. Bxc4 Rxe4 31. Bxa6 Nf5 32. Bb5 Rxe3 33. a6 Ra3 34. a7 Kg7 35. Be8 h5 36. Rxf7+ Kh6 37. Bc6 Ra1+ 38. Kh2 1-0


[Site "https://www.chess.com"]

[Event "Titled Tuesday Blitz February 22 Early 2022"]
[White "Atakhan, Abtin"]
[Black "Martin, Lewis"]
[WhiteFideId "22502203"]
[BlackFideId "410551"]
[WhiteElo "2119"]
[BlackElo "2145"]
[Result "1-0"]
[Round "04"]
[TimeControl "180+1"]
[Date "2022.02.22"]
[WhiteClock "0:00:43"]
[BlackClock "0:00:20"]

1. e4 c5 2. Nc3 Nc6 3. Bb5 Nd4 4. Nf3 a6 5. Bd3 g6 6. O-O Bg7 7. Nxd4 cxd4 8. Ne2 d5 9. c3 dxe4 10. Bxe4 Nf6 11. Bd3 dxc3 12. dxc3 O-O 13. Bf4 b5 14. a4 bxa4 15. Rxa4 Bb7 16. Rd4 Qb6 17. Be5 Qc6 18. f3 Rfd8 19. Kh1 Rxd4 20. Nxd4 Qd5 21. Re1 Ng4 22. Bg3 Be5 23. Rxe5 Nxe5 24. Be4 Qd7 25. Bxe5 Bxe4 26. fxe4 f6 27. Bg3 e5 28. Qb3+ Kh8 29. Nf3 Qb5 30. Qf7 Qf1+ 31. Ng1 Rd8 32. Bxe5 1-0


[Site "https://www.chess.com"]

[Event "Titled Tuesday Blitz February 22 Early 2022"]
[White "Baches Garcia, Guillermo"]
[Black "Murthy, Pappu"]
[WhiteFideId "2209764"]
[BlackFideId "2013401"]
[WhiteElo "2396"]
[BlackElo "1927"]
[Result "1-0"]
[Round "04"]
[TimeControl "180+1"]
[Date "2022.02.22"]
[WhiteClock "0:02:19"]
[BlackClock "0:02:00"]

1. e4 c5 2. Nf3 d6 3. d4 cxd4 4. Nxd4 Nf6 5. Nc3 g6 6. g3 Bg7 7. Bg2 O-O 8. O-O Nc6 9. Nde2 a6 10. a4 b6 11. Nd5 Bb7 12. Ra2 Nxd5 13. exd5 Nb4 14. Ra3 a5 15. c3 Na6 16. Nd4 Rc8 17. Re1 Bxd4 18. Qxd4 Qc7 19. Bh6 f6 20. Bxf8 Kxf8 21. Bh3 Rd8 22. b4 axb4 23. cxb4 Kg7 24. Rc3 1-0


[Site "https://www.chess.com"]

[Event "Titled Tuesday Blitz February 22 Early 2022"]
[White "Baker, Chris W"]
[Black "Golubenko, Valentina"]
[WhiteFideId "401676"]
[BlackFideId "4501993"]
[WhiteElo "2197"]
[BlackElo "2164"]
[Result "1-0"]
[Round "04"]
[TimeControl "180+1"]
[Date "2022.02.22"]
[WhiteClock "0:00:05"]
[BlackClock "0:00:08"]

1. c4 g6 2. Nf3 Bg7 3. g3 c5 4. Bg2 Nc6 5. O-O e6 6. Nc3 Nge7 7. d4 cxd4 8. Nb5 O-O 9. Nbxd4 d5 10. cxd5 exd5 11. Be3 Nf5 12. Nxf5 Bxf5 13. Nd4 Be4 14. Nxc6 bxc6 15. Bxe4 dxe4 16. Qc2 f5 17. Rfd1 Qf6 18. Bd4 Qe6 19. Bxg7 Kxg7 20. e3 g5 21. Rac1 Rac8 22. Qc3+ Rf6 23. Rd4 f4 24. Rcd1 Rc7 25. Rd6 Qe7 26. Qc5 h6 27. b4 fxe3 28. fxe3 Rf3 29. Qd4+ Kh7 30. Rd8 Rf6 31. Qc4 Qe6 32. Qxe6 Rxe6 33. R1d7+ Re7 34. Rxe7+ Rxe7 35. Rc8 Rb7 36. a3 Kg6 37. Rxc6+ Kf5 38. h3 h5 39. Rc5+ Kf6 40. h4 gxh4 41. gxh4 Rd7 42. Rxh5 Rd3 43. Ra5 Rxe3 44. Rxa7 Rh3 45. Ra6+ Kf5 46. h5 e3 47. Kg2 Rh4 48. Kf3 Rh3+ 49. Ke2 Ke4 50. Re6+ Kd4 51. Rd6+ Ke4 52. Re6+ Kd4 53. h6 Rh2+ 54. Kf3 Rf2+ 55. Kg3 Rf7 56. b5 Kd3 57. b6 e2 58. a4 Kd2 59. a5 Rf6 60. Rxe2+ Kxe2 61. b7 Rg6+ 62. Kf4 Rg8 63. a6 Rf8+ 64. Ke5 Rb8 65. Kd6 Kf3 66. Kc7 Rf8 67. b8=Q Rf7+ 68. Kc6 Rf6+ 69. Kd5 Rf5+ 70. Kd4 Kg4 71. Qc8 Kg5 72. Qxf5+ Kxf5 73. h7 Kg6 74. h8=Q Kf7 75. a7 Kg6 76. a8=Q Kf7 77. Qb7+ Kg6 78. Qhg7+ Kh5 79. Qh1# 1-0


[Site "https://www.chess.com"]

[Event "Titled Tuesday Blitz February 22 Early 2022"]
[White "Barbashin, Igor"]
[Black "Mejia, Cherry Ann"]
[WhiteFideId "4155718"]
[BlackFideId "5206880"]
[WhiteElo "2138"]
[BlackElo "2007"]
[Result "1-0"]
[Round "04"]
[TimeControl "180+1"]
[Date "2022.02.22"]
[WhiteClock "0:01:41"]
[BlackClock "0:01:43"]

1. d4 d5 2. c4 dxc4 3. Nc3 a6 4. Nf3 b5 5. g3 Bb7 6. Bg2 e6 7. O-O Nf6 8. a4 b4 9. Nb1 c5 10. dxc5 Qxd1 11. Rxd1 Bxc5 12. Ne5 Bxg2 13. Kxg2 O-O 14. Nxc4 Rc8 15. Bf4 Nbd7 16. Nbd2 Nd5 17. Nb3 N7f6 18. Rac1 h6 19. Be5 Ng4 20. Bd4 Bxd4 21. Rxd4 f5 22. h3 Ngf6 23. e3 Rc7 24. Nd6 Rac8 25. Nxc8 Rxc1 26. Nxc1 1-0


[Site "https://www.chess.com"]

[Event "Titled Tuesday Blitz February 22 Early 2022"]
[White "Barp, Alberto"]
[Black "Petrosyan, Manuel"]
[WhiteFideId "872555"]
[BlackFideId "13300857"]
[WhiteElo "2229"]
[BlackElo "2592"]
[Result "0-1"]
[Round "04"]
[TimeControl "180+1"]
[Date "2022.02.22"]
[WhiteClock "0:00:04"]
[BlackClock "0:00:06"]

1. d4 Nf6 2. c4 e6 3. Nf3 d5 4. g3 Be7 5. Bg2 O-O 6. O-O dxc4 7. Qc2 a6 8. a4 Bd7 9. Ne5 Nc6 10. Nxd7 Qxd7 11. e3 e5 12. Rd1 exd4 13. Qxc4 Rad8 14. Bxc6 Qxc6 15. Qxc6 bxc6 16. exd4 c5 17. d5 Nxd5 18. Na3 Bf6 19. Nc4 h5 20. Kf1 Nb6 21. Rxd8 Rxd8 22. Ne3 a5 23. Ke2 Rd4 24. Nc2 Rxa4 25. Rxa4 Nxa4 26. b3 Nc3+ 27. Kd3 a4 28. bxa4 Nxa4 29. Kc4 Be7 30. Bd2 Nb6+ 31. Kb5 Nd5 32. Kc6 Nb4+ 33. Bxb4 cxb4 34. Nd4 Bd6 35. h3 g6 36. g4 hxg4 37. hxg4 Kg7 38. f4 Bxf4 39. Kb5 Bd6 40. Kc4 Kf6 0-1


[Site "https://www.chess.com"]

[Event "Titled Tuesday Blitz February 22 Early 2022"]
[White "Barrientos, Sergio E"]
[Black "Kashefi, Amir Hosein"]
[WhiteFideId "4401824"]
[BlackFideId "12557935"]
[WhiteElo "2441"]
[BlackElo "2098"]
[Result "1-0"]
[Round "04"]
[TimeControl "180+1"]
[Date "2022.02.22"]
[WhiteClock "0:00:58"]
[BlackClock "0:00:01"]

1. d4 b6 2. e4 Bb7 3. Bd3 e6 4. Nf3 c5 5. c3 a6 6. O-O d6 7. Re1 Nf6 8. Nbd2 Be7 9. Nf1 O-O 10. Ng3 Re8 11. h3 Nc6 12. a3 e5 13. d5 Nb8 14. b4 g6 15. Rb1 Nbd7 16. Be3 b5 17. c4 bxc4 18. Bxc4 Nb6 19. Bf1 c4 20. a4 Rc8 21. a5 Nbxd5 22. exd5 Nxd5 23. Qc2 Nxe3 24. Rxe3 Bf6 25. Rbe1 d5 26. Nxe5 d4 27. Nxf7 Qd5 28. Rxe8+ Rxe8 29. Rxe8+ Kg7 30. Qxc4 Qd7 31. Rb8 d3 32. Nd6 d2 33. Ne8+ Kh6 34. Nxf6 d1=Q 35. Qh4+ Kg7 36. Nxd7 Qxd7 37. Rd8 Qc6 38. Qd4+ 1-0


[Site "https://www.chess.com"]

[Event "Titled Tuesday Blitz February 22 Early 2022"]
[White "Barus, Cerdas"]
[Black "Dew, Brian"]
[WhiteFideId "7100094"]
[BlackFideId "6000495"]
[WhiteElo "2140"]
[BlackElo "2118"]
[Result "0-1"]
[Round "04"]
[TimeControl "180+1"]
[Date "2022.02.22"]
[WhiteClock "0:00:01"]
[BlackClock "0:00:01"]

1. d4 d5 2. c4 c6 3. Nc3 Nf6 4. cxd5 cxd5 5. Bf4 Bf5 6. e3 a6 7. Qb3 b5 8. Nf3 Nc6 9. Ne5 Na5 10. Qd1 Qb6 11. Be2 h6 12. O-O e6 13. Rc1 Be7 14. Bd3 Bxd3 15. Qxd3 Nc4 16. b3 Nd6 17. a4 b4 18. Ne2 O-O 19. Nc6 Rfe8 20. Nxe7+ Rxe7 21. f3 Rc7 22. Rxc7 Qxc7 23. Rc1 Qd7 24. h3 Nfe8 25. Kf2 Nb7 26. Qc2 Na5 27. Bh2 Nd6 28. Bxd6 Qxd6 29. Nf4 e5 30. Nd3 exd4 31. exd4 Re8 32. Qc5 Qg6 0-1


[Site "https://www.chess.com"]

[Event "Titled Tuesday Blitz February 22 Early 2022"]
[White "Batsiashvili, Nino"]
[Black "Muradov, Soltan"]
[WhiteFideId "13602993"]
[BlackFideId "14002108"]
[WhiteElo "2230"]
[BlackElo "1854"]
[Result "1/2-1/2"]
[Round "04"]
[TimeControl "180+1"]
[Date "2022.02.22"]
[WhiteClock "0:00:16"]
[BlackClock "0:00:06"]

1. d4 Nf6 2. c4 c5 3. d5 b5 4. Qc2 b4 5. e4 d6 6. f4 g6 7. Bd3 Bg7 8. Nf3 e6 9. O-O exd5 10. cxd5 O-O 11. Nbd2 a5 12. Nc4 Ba6 13. e5 Ne8 14. Be3 Nd7 15. Rad1 Bxc4 16. Bxc4 dxe5 17. d6 exf4 18. Bxf4 Nef6 19. Ng5 Nb6 20. Bxf7+ Rxf7 21. Nxf7 Kxf7 22. Qxc5 Nbd7 23. Qc4+ Kf8 24. Bg5 Rc8 25. Qe6 Qe8 26. Rde1 Qxe6 27. Rxe6 Kg8 28. Bxf6 Bxf6 29. Rfxf6 Nxf6 30. Rxf6 Rd8 31. Kf2 Kg7 32. Re6 Kf7 33. Re7+ Kf6 34. Rxh7 Rxd6 35. Ke3 Rc6 36. Kd3 Rd6+ 37. Kc2 Re6 38. Kd2 Rd6+ 39. Kc1 Re6 40. Ra7 Re2 41. g4 Kg5 42. h3 Kh4 43. Rxa5 Kxh3 44. g5 Kg4 45. Rb5 Re4 46. Kc2 Rf4 47. Kb3 Rf5 48. Rxb4+ Kxg5 49. a4 Kf6 50. Rb6+ Kf7 51. Rb7+ Kf6 52. Kc4 g5 53. b4 g4 54. Rb8 Kf7 55. Rd8 g3 56. Rd3 Rg5 57. Rd1 g2 58. Rg1 Ke7 59. a5 Kd7 60. b5 Kc7 61. Kb4 Kb7 62. Kc4 Ka7 63. Kb4 Kb7 64. Kc4 Ka7 65. Kb4 Kb7 1/2-1/2


[Site "https://www.chess.com"]

[Event "Titled Tuesday Blitz February 22 Early 2022"]
[White "Bazarov, Konstantin"]
[Black "Ishbaev, Alibek"]
[WhiteFideId "4137000"]
[BlackFideId "14205017"]
[WhiteElo "2079"]
[BlackElo "2370"]
[Result "0-1"]
[Round "04"]
[TimeControl "180+1"]
[Date "2022.02.22"]
[WhiteClock "0:00:29"]
[BlackClock "0:00:22"]

1. d4 g6 2. e4 Bg7 3. Nc3 c5 4. dxc5 Na6 5. Be3 Bxc3+ 6. bxc3 Qa5 7. Qd4 f6 8. Bc4 e5 9. Qd3 Nxc5 10. Bxc5 Qxc5 11. Nf3 Ne7 12. O-O d6 13. Rab1 b6 14. Rfd1 Bg4 15. Bb5+ Kf7 16. Qxd6 Qxd6 17. Rxd6 Rhd8 18. Rxd8 Rxd8 19. Ne1 Rd1 20. Rxd1 Bxd1 21. f3 f5 22. Kf2 fxe4 23. Bc4+ Kf6 24. Ke3 exf3 25. gxf3 Nf5+ 26. Kd2 e4 27. fxe4 Nd6 28. Bg8 Kg7 29. Kxd1 Kxg8 30. e5 Ne4 31. Ke2 Nxc3+ 32. Kd3 Nxa2 33. Kc4 Kf7 34. Nd3 a5 35. Kb3 Nb4 36. Nxb4 axb4 37. Kxb4 g5 38. Kb5 g4 39. Kxb6 h5 40. c4 h4 41. c5 g3 42. hxg3 hxg3 43. c6 g2 44. c7 g1=Q+ 45. Kb7 Qb1+ 46. Kc6 Qc2+ 47. Kb7 Qb3+ 48. Kc6 Qc4+ 49. Kb7 Qb5+ 50. Ka8 Qa6+ 51. Kb8 Qb6+ 52. Kc8 Ke8 53. e6 Qa7 54. e7 Qa8# 0-1


[Site "https://www.chess.com"]

[Event "Titled Tuesday Blitz February 22 Early 2022"]
[White "Berezin, Viktor"]
[Black "Bodnar, Nikolay"]
[WhiteFideId "14107872"]
[BlackFideId "14106469"]
[WhiteElo "2310"]
[BlackElo "2296"]
[Result "0-1"]
[Round "04"]
[TimeControl "180+1"]
[Date "2022.02.22"]
[WhiteClock "0:00:04"]
[BlackClock "0:00:12"]

1. d4 Nf6 2. Nf3 d5 3. c4 e6 4. g3 Bb4+ 5. Bd2 Be7 6. Bg2 O-O 7. Qc2 c6 8. O-O Nbd7 9. Bf4 b6 10. Nbd2 Ba6 11. b3 c5 12. e4 cxd4 13. e5 Nh5 14. Nxd4 Nxf4 15. gxf4 Rc8 16. Rac1 Ba3 17. Rcd1 Qh4 18. Nb1 Be7 19. Qd2 Nc5 20. cxd5 Bxf1 21. Rxf1 Rfd8 22. d6 Bxd6 23. exd6 Rxd6 24. Qe3 Qf6 25. Nc6 Rdxc6 26. Bxc6 Rxc6 27. Rd1 g6 28. Nd2 Rd6 29. Re1 Rd3 30. Qe2 Qxf4 31. Nc4 Rd5 32. Ne3 Rg5+ 33. Kh1 Ne4 34. f3 Nc3 35. Qd3 Rh5 36. Qc2 Qxf3+ 37. Kg1 Rg5+ 38. Ng2 Nd5 39. Kh1 Nf4 40. Rg1 Rxg2 41. Rxg2 Nxg2 42. Qxg2 Qxg2+ 43. Kxg2 e5 44. Kf3 f5 0-1


[Site "https://www.chess.com"]

[Event "Titled Tuesday Blitz February 22 Early 2022"]
[White "Bintang, Rasyid A. Hidayat"]
[Black "Gabdrakhmanov, Azat"]
[WhiteFideId "7105355"]
[BlackFideId "34189197"]
[WhiteElo "2360"]
[BlackElo "2279"]
[Result "0-1"]
[Round "04"]
[TimeControl "180+1"]
[Date "2022.02.22"]
[WhiteClock "0:00:12"]
[BlackClock "0:00:04"]

1. d4 Nf6 2. Nf3 g6 3. g3 Bg7 4. Bg2 O-O 5. O-O d6 6. b3 c5 7. Bb2 Nc6 8. e3 cxd4 9. Nxd4 Bd7 10. c4 Rc8 11. Nc3 a6 12. Rc1 Nxd4 13. exd4 b5 14. Bb7 Rb8 15. Bxa6 b4 16. Ne2 Qa5 17. Bb5 Bxb5 18. cxb5 Rxb5 19. Ra1 h5 20. h4 Rf5 21. Qd3 Ng4 22. Kg2 Qd5+ 23. Kg1 g5 24. f3 Nf6 25. hxg5 Rxg5 26. Kg2 h4 27. g4 Rxg4+ 28. Kh3 Rg5 29. Rg1 Nh5 30. Qe4 Qf5+ 31. Qxf5 Rxf5 32. Raf1 Kh7 33. Kxh4 Bf6+ 34. Kg4 Ra5 35. Ra1 Rg8+ 36. Kh3 Rxg1 37. Nxg1 Nf4+ 38. Kg4 Nd3 39. Bc1 Bxd4 40. Rb1 Rxa2 41. Nh3 Rg2+ 42. Kh4 Bf6+ 43. Bg5 Ne5 44. Rf1 Ng6+ 45. Kh5 Rg3 46. Bxf6 exf6 47. Rh1 Kg7 48. f4 f5 49. Ng5 f6 50. Ne6+ Kf7 51. Nd8+ Ke8 52. Ne6 Ke7 53. Ng7 Nxf4+ 54. Kh4 Rg4# 0-1


[Site "https://www.chess.com"]

[Event "Titled Tuesday Blitz February 22 Early 2022"]
[White "Blohberger, Felix"]
[Black "Gracia Alvarez, Gerardo Antonio"]
[WhiteFideId "1632051"]
[BlackFideId "5109124"]
[WhiteElo "2474"]
[BlackElo "2139"]
[Result "1/2-1/2"]
[Round "04"]
[TimeControl "180+1"]
[Date "2022.02.22"]
[WhiteClock "0:00:02"]
[BlackClock "0:00:02"]

1. c4 g6 2. Nf3 Bg7 3. d4 Nf6 4. g3 O-O 5. Bg2 d6 6. O-O Nbd7 7. Nc3 e5 8. e4 exd4 9. Nxd4 Re8 10. f3 Nc5 11. Be3 Bd7 12. Qd2 Qc8 13. Rfe1 a5 14. Rad1 a4 15. Ndb5 Be6 16. Nd5 Bxd5 17. cxd5 Qd7 18. Nc3 b5 19. a3 Nb3 20. Qd3 Reb8 21. Na2 Qe8 22. Nb4 Nd7 23. Qc2 Ne5 24. Bf2 Nc4 25. Bf1 Nxb2 26. Rb1 Nc4 27. Bxc4 bxc4 28. Qxc4 Nd2 29. Qxc7 Nxf3+ 30. Kg2 Nxe1+ 31. Rxe1 Rc8 32. Qxd6 Bc3 33. Re2 Qb5 34. Re3 Bxb4 35. axb4 a3 36. Re1 Qc4 37. Qf6 Ra6 38. d6 Qe6 39. Qxe6 fxe6 40. e5 a2 41. Ra1 Rc2 42. b5 Rb6 43. Kf3 Rxb5 44. Bd4 Rd5 45. Ke4 Rc4 46. Rxa2 Rcxd4+ 47. Ke3 Rd3+ 48. Kf4 Kg7 49. g4 R3d4+ 50. Ke3 Rd3+ 51. Kf4 Rb3 52. Ra7+ Kf8 53. Ra8+ Kg7 54. Ra7+ Kf8 55. Ra8+ Kg7 56. Ra7+ 1/2-1/2


[Site "https://www.chess.com"]